 Dungeon Crawl Stone Soup version 0.30-a0-571-gdf30a72648 (webtiles) character file.

Game seed: 1969603583430448103

24964 Jase the Unseen (level 12, -2/50 HPs)
             Began as a Spriggan Enchanter on Dec 29, 2022.
             Was an Elder of Hepliaklqana.
             Engulfed by a fire crab's flame (8 damage)
             ... on level 3 of the Lair of Beasts on Dec 30, 2022.
             The game lasted 01:36:49 (17847 turns).

Jase the Unseen (Spriggan Enchanter)               Turns: 17847, Time: 01:36:50

Health: -2/50      AC: 10    Str:  4    XL:     12   Next: 85%
Magic:  19/19      EV: 37    Int: 21    God:    Hepliaklqana [****..]
Gold:   735        SH:  0    Dex: 16    Spells: 4/19 levels left

rFire   + . .      SeeInvis +    a - +0 short sword
rCold   . . .      Faith    .    (no shield)
rNeg    . . .      Spirit   .    n - +2 robe of Death's Door {rElec}
rPois   .          Reflect  .    R - +2 hat
rElec   +          Harm     .    (no cloak)
rCorr   .          Rampage  .    (gloves unavailable)
Will    ++...                    (boots unavailable)
Stlth   ++++++                   x - amulet of the acrobat
HPRegen 0.28/turn                A - +4 ring of protection
MPRegen 0.16/turn                O - ring of protection from fire

@: acrobatic, very quick
A: reduced essence, very small, no large weapons, unfitting armour, see
invisible, speed 3
a: Renounce Religion, Recall Ancestor, Ancestor Identity, Transference, Idealise


You were on level 3 of the Lair of Beasts.
You worshipped Hepliaklqana.
Hepliaklqana was greatly pleased with you.
You visited 3 branches of the dungeon, and saw 13 of its levels.
You also visited: Sewer and Ossuary.

You collected 735 gold pieces.

Inventory:

Hand Weapons
 a - a +0 short sword (weapon)
 b - a +0 rapier
Missiles
 l - 21 boomerangs (quivered)
 w - 12 poisoned darts
 F - 105 stones
 M - 4 datura-tipped darts
Armour
 n - the +2 robe of Death's Door (worn) {rElec}
   (You found it on level 2 of the Dungeon)

   rElec:     It insulates you from electricity.
 y - a +1 buckler
 E - a +1 robe of willpower
 P - +0 swamp dragon scales
 R - a +2 hat (worn)
Jewellery
 x - an amulet of the acrobat (around neck)
 A - a +4 ring of protection (left hand)
 C - a ring of fire
 H - a ring of poison resistance
 O - a ring of protection from fire (right hand)
 V - a +6 ring of intelligence
Wands
 m - a wand of charming (29)
 S - a wand of roots (4)
Scrolls
 g - 12 scrolls of teleportation
 h - 3 scrolls of immolation
 i - 4 scrolls of fog
 j - 5 scrolls of amnesia
 o - 2 scrolls of enchant armour
 p - 3 scrolls of blinking
 q - 2 scrolls of fear
 t - a scroll of vulnerability {unknown}
 u - 2 scrolls of torment {unknown}
 B - 2 scrolls of enchant weapon {unknown}
 G - 2 scrolls of poison {unknown}
 J - 2 scrolls of noise {unknown}
 N - a scroll of butterflies {unknown}
 U - 2 scrolls of magic mapping
Potions
 c - 2 potions of invisibility
 d - 2 potions of mutation
 e - 6 potions of heal wounds
 f - 5 potions of curing
 k - 2 potions of flight
 r - 2 potions of magic
 s - a potion of resistance
 v - 2 potions of might
 z - 3 potions of cancellation
 D - 2 potions of lignification
 I - 3 potions of berserk rage
 K - 3 potions of brilliance
 L - a potion of haste
 T - 2 potions of attraction


   Skills:
 - Level 3.0 Fighting
 + Level 12.9 Short Blades
 + Level 8.3 Dodging
 + Level 16.1 Stealth
 - Level 4.0 Spellcasting
 - Level 1.0 Conjurations
 + Level 13.3 Hexes
 - Level 1.0 Ice Magic
 - Level 8.0 Invocations


You had 4 spell levels left.
You knew the following spells:

 Your Spells              Type           Power      Damage    Failure   Level
a - Ensorcelled Hibernat  Hex/Ice        68%        N/A       1%          2
b - Confusing Touch       Hex            56%        N/A       1%          3
c - Tukima's Dance        Hex            56%        N/A       1%          3
d - Dazzling Flash        Conj/Hex       68%        N/A       1%          3
e - Cause Fear            Hex            28%        N/A       1%          4

Your spell library contained the following spells:

 Spells                   Type           Power      Damage    Failure   Level
 Inner Flame              Hex/Fire       32%        N/A       2%          3
 Portal Projectile        Hex/Tloc       64%        N/A       2%          3
 Leda's Liquefaction      Hex/Erth       16%        N/A       8%          4
 Passwall                 Tmut/Erth      3%         N/A       19%         2
 Frozen Ramparts          Ice            16%        1d3       24%         3
 Ozocubu's Armour         Ice            8%         N/A       24%         3
 Call Canine Familiar     Summ           4%         N/A       34%         3
 Swiftness                Air            4%         N/A       34%         3
 Ice Form                 Ice/Tmut       6%         N/A       67%         4
 Summon Ice Beast         Ice/Summ       6%         N/A       67%         4
 Discord                  Hex            28%        N/A       98%         8
 Ozocubu's Refrigeration  Ice            4%         4d8       100%        7


Dungeon Overview and Level Annotations

Branches:
Dungeon (9/15)             Temple (1/1) D:5            Lair (3/5) D:8
  Swamp (0/4) Lair:3       Spider (0/4) Lair:2          Orc (0/2) D:9
  Sewer (visited)         Ossuary (visited)

Altars:
Ashenzari
Cheibriados
Dithmenos
Elyvilon
Fedhas
Gozag
Hepliaklqana
Kikubaaqudgha
Makhleb
Nemelex Xobeh
Okawaru
Qazlal
Ru
Sif Muna
Trog
Uskayaw
Vehumet
Wu Jian
Xom
Yredelemnul
Zin
The Shining One

Annotations:
D:3 2 exclusions
D:9 1 runed translucent door, lotum's ghost, journeyman FoFi


Innate Abilities, Weirdness & Mutations

Your life essence is reduced to manifest your ancestor. (-10% HP)
You are very small and have problems with some larger weapons.
You are too small for most types of armour.
You have supernaturally acute eyesight. (SInv)
You cover ground extremely quickly. (Speed+++)


Message History

The plant is engulfed in blazing flames.
Tenoch is engulfed in blazing flames.
You hit the fire crab.
The fire crab is severely wounded.
The plant is engulfed in blazing flames.
The fire crab breathes flames at you.
The blast of flame engulfs you but does no damage.
You barely miss the fire crab.
The fire crab is severely wounded.
You are engulfed in blazing flames.
You resist.
The plant is engulfed in blazing flames.
Tenoch is engulfed in blazing flames.
You barely miss the fire crab.
The fire crab is severely wounded.
You are engulfed in blazing flames.
You resist. The fire crab breathes flames at you.
The blast of flame misses you.
You hit the fire crab but do no damage.
The fire crab is severely wounded.
You are engulfed in blazing flames.
You resist.
Tenoch is engulfed in blazing flames.
You hit the fire crab but do no damage.
The fire crab is severely wounded.
You are engulfed in blazing flames.
You resist. The fire crab misses you. The fire crab barely misses you.
You hit the fire crab but do no damage.
The fire crab is severely wounded.
You are engulfed in blazing flames.
You resist.
Tenoch is engulfed in blazing flames.
You hit the fire crab but do no damage.
The fire crab is severely wounded.
You are engulfed in blazing flames.
You resist.
A nearby plant withers and dies.
The fire crab bites you but does no damage.
The fire crab claws you.
* * * LOW HITPOINT WARNING * * *
You are engulfed in flames.
You resist.
* * * LOW HITPOINT WARNING * * *
You swap places.
You are engulfed in blazing flames.
You resist.
You die...

### #### ### #####
##.######..###.###
....######.##.##..........## #
..................R.......P######
...#######.##.#..#######.........
...#.....#..#.##°#°....#........#
...#.#'#.#.#..##°#°###.#.#......#
...#.#[#.#..#.#.@R°#/+.#.........
...#.###.#.#...#°#t###.#.#......#
...#.....#.##..#†#.....#.#...>...
.<.###'###.#.#.#†#######........P
.......R.R.#####.........#......#
....##.###...##.##..#.##........#
..........#..#....#.# #.........
....###.##.#.#####..####.........
..........#.#.)#...##.#..........


You could see the friendly Tenoch the hexer and a fire crab (ally target).

Vanquished Creatures
  3 hydras (Lair:3)
  3 boulder beetles
  A catoblepas (Lair:1)
  A two-headed ogre (D:9)
  2 death yaks
  2 torpor snails
  2 black mambas
  5 cane toads
  5 komodo dragons
  2 rime drakes
  A meliai (Lair:2)
  4 polar bears (Lair:3)
  2 hornets
  A dream sheep (Lair:2)
  12 yaks
  A basilisk (Lair:1)
  A dancing weapon (D:9)
  2 steam dragons (D:8)
  Duvessa (D:5)
  6 water moccasins
  6 black bears
  A swamp drake (D:9)
  2 sky beasts
  3 centaurs
  3 phantoms
  Blork the orc (D:4)
  A necrophage (D:6)
  5 bullfrogs
  3 scorpions
  A water moccasin zombie (Ossuary)
  7 wights
  Dowan (D:5)
  3 killer bees
  2 electric eels
  4 bullfrog zombies (Ossuary)
  A jelly (D:7)
  2 orc priests (D:9)
  2 gnoll boudas
  2 hounds
  Jessica (D:2)
  9 orc wizards
  2 hexers
  A scorpion zombie (Ossuary)
  4 iguanas
  An ogre zombie (Ossuary)
  Robin (D:3)
  7 gnolls
  8 adders
  2 river rats (D:3)
  A shadow imp (D:6)
  A white imp (D:6)
  2 ufetubi
  An adder zombie (Ossuary)
  A worm (D:4)
  7 dart slugs
  20 orcs
  5 ball pythons
  4 bats
  6 endoplasms
  5 giant cockroaches
  2 gnoll zombies (Ossuary)
  17 goblins
  7 hobgoblins
  4 quokkas
  9 frilled lizards
  A goblin zombie (Ossuary)
  A hobgoblin zombie (Ossuary)
  5 kobolds
  5 orc zombies (Ossuary)
  8 rats
255 creatures vanquished.

Vanquished Creatures (collateral kills)
  3 death yaks
  An elephant (Lair:3)
  A cane toad (Lair:3)
  Maggie (D:9)
  A dream sheep (Lair:2)
  A basilisk (D:8)
  2 wyverns
  6 yaks (Lair:2)
  2 steam dragons
  4 water moccasins
  3 orc warriors (D:9)
  3 black bears (Lair:3)
  A bullfrog (D:8)
  12 wights
  An electric eel (Lair:3)
  A centaur zombie (Ossuary)
  An orc priest (D:9)
  An ogre zombie (Ossuary)
  2 gnolls
  2 white imps
  An adder zombie (Ossuary)
  18 orcs
  A gnoll zombie (Ossuary)
  2 goblin zombies (Ossuary)
  3 hobgoblin zombies (Ossuary)
  2 orc zombies (Ossuary)
76 creatures vanquished.

Vanquished Creatures (others)
  A death yak (Lair:3)
  5 dancing weapons
  8 hexers
  2 ancestors
  27 fungi
  26 plants
69 creatures vanquished.

Grand Total: 400 creatures vanquished

Notes
Turn   | Place    | Note
-------+----------+-------------------------------------------
     0 | D:1      | Jase the Spriggan Enchanter began the quest for the Orb.
     0 | D:1      | Reached XP level 1. HP: 9/9 MP: 5/5
   285 | D:1      | Reached XP level 2. HP: 13/13 MP: 6/6
   333 | D:1      | Learned a level 2 spell: Ensorcelled Hibernation
   692 | D:1      | Reached XP level 3. HP: 16/16 MP: 8/8
   696 | D:1      | Learned a level 3 spell: Confusing Touch
  1177 | D:2      | Reached skill level 5 in Stealth
  1600 | D:2      | Noticed a scorpion
  1701 | D:2      | Killed a scorpion
  1702 | D:2      | Reached skill level 1 in Ice Magic
  1702 | D:2      | Reached XP level 4. HP: 21/21 MP: 0/9
  2185 | D:2      | Noticed Jessica
  2190 | D:2      | Killed Jessica
  2191 | D:2      | Reached XP level 5. HP: 24/24 MP: 10/10
  2269 | D:2      | Identified the +2 robe of Death's Door {rElec}
  2541 | D:3      | Found a glowing drain.
  2577 | D:3      | Reached skill level 6 in Stealth
  2584 | D:3      | Learned a level 3 spell: Tukima's Dance
  2636 | Sewer    | Entered a sewer
  2894 | Sewer    | Noticed Pargi
  3035 | D:3      | Noticed Robin
  3237 | D:3      | You fall into a shaft and drop 3 floors!
  3252 | D:5      | Entered Level 5 of the Dungeon
  3379 | D:4      | Reached skill level 5 in Hexes
  3702 | D:3      | Reached XP level 6. HP: 28/28 MP: 11/11
  3855 | D:3      | Killed Robin
  4289 | D:4      | Learned a level 3 spell: Dazzling Flash
  4472 | D:4      | Reached skill level 7 in Stealth
  5074 | D:4      | Reached XP level 7. HP: 32/32 MP: 6/12
  5273 | D:4      | Noticed Blork the orc
  5324 | D:4      | Killed Blork the orc
  5591 | D:5      | Reached skill level 8 in Stealth
  5622 | D:5      | Noticed Duvessa
  5622 | D:5      | Noticed Dowan
  5883 | D:5      | Reached skill level 5 in Short Blades
  5976 | D:5      | Identified the +12 whip of Jase's Misery {flame, rC+}
  6571 | D:5      | Reached skill level 9 in Stealth
  6571 | D:5      | Reached XP level 8. HP: 36/36 MP: 10/13
  6724 | D:5      | Killed Dowan
  6860 | D:5      | Found a staircase to the Ecumenical Temple.
  6870 | Temple   | Entered the Ecumenical Temple
  7028 | Temple   | Became a worshipper of Hepliaklqana the Forgotten
  7330 | D:5      | Killed Duvessa
  7953 | D:6      | Reached skill level 1 in Conjurations
  8140 | D:6      | Reached skill level 10 in Stealth
  8187 | D:6      | Found a burning altar of Makhleb.
  8206 | D:6      | Reached * piety under Hepliaklqana
  8398 | D:6      | Reached skill level 1 in Invocations
  8400 | D:6      | Reached skill level 1 in Fighting
  8792 | D:7      | Noticed a komodo dragon
  8813 | D:7      | Killed a komodo dragon
  8814 | D:7      | Reached XP level 9. HP: 37/37 MP: 11/14
  8846 | D:7      | Found a sand-covered staircase.
  8851 | Ossuary  | Entered an ossuary
  9267 | Ossuary  | Noticed a silent spectre
  9562 | D:7      | Found a sacrificial altar of Ru.
  9564 | D:7      | Found an ornate altar of the Wu Jian Council.
 10184 | D:8      | Reached ** piety under Hepliaklqana
 10185 | D:8      | Remembered your ancestor Tenoch as a hexer
 10218 | D:8      | Reached skill level 5 in Dodging
 10619 | D:8      | Found a staircase to the Lair.
 10730 | D:8      | Reached XP level 10. HP: 44/44 MP: 10/15
 10945 | D:8      | Reached skill level 10 in Hexes
 11198 | D:9      | Reached skill level 5 in Invocations
 11306 | D:9      | Noticed a two-headed ogre
 11330 | D:9      | Killed a two-headed ogre
 11349 | D:9      | Learned a level 4 spell: Cause Fear
 11528 | D:9      | Noticed Maggie
 11587 | D:9      | Killed Maggie
 11864 | D:9      | Found a runed translucent door.
 11866 | D:9      | Noticed lotum's ghost (journeyman FoFi)
 12419 | D:9      | Found a staircase to the Orcish Mines.
 12664 | D:9      | Reached *** piety under Hepliaklqana
 12903 | Lair:1   | Entered Level 1 of the Lair of Beasts
 13042 | Lair:1   | Noticed a catoblepas
 13254 | Lair:1   | Killed a catoblepas
 13419 | Lair:1   | Found the +8 trident of the Octopus King {venom, rElec
                  | rPois}
 13470 | Lair:1   | Reached XP level 11. HP: 46/46 MP: 15/18
 13548 | Lair:1   | Reached skill level 11 in Stealth
 13659 | Lair:1   | Identified the +3 mace of Xautz {heavy, rC+}
 13798 | Lair:1   | Noticed a boulder beetle
 13808 | Lair:1   | Killed a boulder beetle
 14183 | Lair:2   | Noticed a death yak
 14184 | Lair:2   | Noticed a death yak
 14185 | Lair:2   | Noticed a death yak
 14211 | Lair:2   | Killed a death yak
 14212 | Lair:2   | Reached skill level 10 in Short Blades
 14376 | Lair:2   | Reached **** piety under Hepliaklqana
 14441 | Lair:2   | Killed a death yak
 14442 | Lair:2   | Reached skill level 12 in Stealth
 14614 | Lair:2   | Killed a death yak
 14998 | Lair:2   | Reached skill level 13 in Stealth
 15324 | Lair:2   | Found a hole to the Spider Nest.
 15964 | Lair:3   | Noticed a four-headed hydra
 15973 | Lair:3   | Found a staircase to the Swamp.
 16068 | Lair:3   | Reached XP level 12. HP: 50/50 MP: 19/19
 16133 | Lair:3   | Noticed a six-headed hydra
 16140 | Lair:3   | Killed a six-headed hydra
 16141 | Lair:3   | Reached skill level 14 in Stealth
 16446 | Lair:3   | Noticed a death yak
 16647 | Lair:3   | Noticed a six-headed hydra
 16664 | Lair:3   | Killed a six-headed hydra
 16745 | Lair:3   | Killed a four-headed hydra
 16746 | Lair:3   | Reached skill level 15 in Stealth
 17348 | Lair:3   | Noticed a boulder beetle
 17348 | Lair:3   | Noticed a death yak
 17517 | Lair:3   | Killed a death yak
 17549 | Lair:3   | Killed a boulder beetle
 17604 | Lair:3   | Killed a death yak
 17713 | Lair:3   | Noticed a boulder beetle
 17713 | Lair:3   | Noticed a death yak
 17766 | Lair:3   | Killed a death yak
 17767 | Lair:3   | Reached skill level 16 in Stealth
 17773 | Lair:3   | Killed a boulder beetle
 17847 | Lair:3   | Engulfed by a fire crab's flame

Illustrated notes

Levels and vault maps discovered:
D:1:      roderic_crossed_star, layout_loops_corners, minmay_heptomino_l4
D:2:      layout_loops_ring, st_stairs_4, uniq_jessica
D:3:      layout_loops_ring, cheibrodos_sewer_entry_sluice, uniq_robin
D:4:      layout_cave_pods, minmay_fractal_squares_5, uniq_blork_the_orc
D:5:      layout_basic, minmay_temple_entry_slanted, hangedman_glass_teeth,
          uniq_duvessa
D:6:      layout_basic, mainiacjoe_overflow_alcove_4
D:7:      layout_basic, mainiacjoe_overflow_divided_tiny,
          nicolae_ossuary_entry_false_entrances
D:8:      layout_loops_cross, david_lair_generic, nicolae_wwwww,
          nrook_pool_corridor, hangedman_minor_gate_pass
D:9:      layout_loops_ring, erik_orc_1, ebering_ghost_inner_flame, uniq_maggie
Temple:   nicolae_temple_bog_church
Lair:1:   layout_regular_city, grunt_forest_stairs_basic, grunt_megastairs_2
Lair:2:   layout_regular_city, hellmonk_spider_entry_not_the_bees
Lair:3:   beast_lair_carwin_large_3, layout_regular_city, swamp_mist_pool,
          minmay_shattered_shrine, lemuel_fruit_tree

Skill      XL: |  1  2  3  4  5  6  7  8  9 10 11 12 |
---------------+-------------------------------------+-----
Dodging        | 3 4 6 8 |  8.3
Hexes          | 4 5 7 8 9 11 13 | 13.3
Stealth        | 5 6 7 9 10 13 16 | 16.1
Short Blades   | 2 3 4 5 7 8 9 11 12 | 12.9
Ice Magic      | 1 |  1.0
Spellcasting   | 3 4 |  4.0
Conjurations   | 1 |  1.0
Invocations    | 2 4 6 8 |  8.0
Fighting       | 2 3 |  3.0

Action                   |  1- 3 |  4- 6 |  7- 9 | 10-12 || total
-------------------------+-------+-------+-------+-------++-------
Melee: Dagger            |    97 |   133 |   265 |       ||   495
       Punch             |     2 |     3 |     4 |     5 ||    14
       Short sword       |       |       |    34 |   441 ||   475
Throw: Boomerang         |       |     2 |       |       ||     2
 Cast: Ensorcelled Hiber |    21 |    49 |    59 |    35 ||   164
       Tukima's Dance    |       |     9 |    18 |    15 ||    42
       Confusing Touch   |       |     2 |    13 |    13 ||    28
       Dazzling Flash    |       |       |       |    48 ||    48
       Cause Fear        |       |       |       |     6 ||     6
Invok: Recall Ancestor   |       |       |     3 |     8 ||    11
       Ancestor Life: He |       |       |     1 |       ||     1
       Transference      |       |       |       |     1 ||     1
  Use: Scroll            |       |     8 |     9 |     5 ||    22
 Stab: Sleeping          |    27 |    38 |    48 |    34 ||   147
       Confused          |       |     2 |    14 |    31 ||    47
       Distracted        |       |     1 |     6 |     5 ||    12
       Invisible         |       |       |       |    32 ||    32
       Fleeing           |       |       |       |     1 ||     1
Armor: Robe              |     5 |    13 |    33 |    28 ||    79
Dodge: Dodged            |    55 |    70 |   187 |   214 ||   526

Table legend: (Time is in decaauts)
 A = Elapsed time spent in this place.
 B = Non-inter-level travel time spent in this place.
 C = Inter-level travel time spent in this place.
 D = Time resting spent in this place.
 E = Time spent auto-exploring this place.
 F = Levels seen in this place.
 G = Mean time per level.
                   A        B        C        D        E       F      G
               +--------+--------+--------+--------+--------+-----+--------+
         Total |  13215 |  12795 |    420 |   4336 |   4551 |  15 |  881.0 |
       Dungeon |   8819 |   8532 |    287 |   2661 |   3457 |   9 |  979.9 |
        Temple |    110 |     91 |     19 |      0 |     81 |   1 |  110.0 |
          Lair |   3558 |   3445 |    113 |   1351 |   1011 |   3 | 1186.0 |
         Sewer |    370 |    370 |      0 |    212 |      0 |   1 |  370.0 |
       Ossuary |    356 |    356 |      0 |    112 |      0 |   1 |  356.0 |
               +--------+--------+--------+--------+--------+-----+--------+

Top non-repeatable levels by time:
     D:4: 1652 daAuts
  Lair:2: 1326 daAuts
  Lair:3: 1316 daAuts
     D:9: 1220 daAuts
     D:6: 1034 daAuts
     D:8: 933 daAuts
  Lair:1: 915 daAuts
     D:2: 892 daAuts
     D:5: 875 daAuts
     D:1: 828 daAuts
     D:3: 750 daAuts
     D:7: 630 daAuts
   Sewer: 370 daAuts
 Ossuary: 356 daAuts
  Temple: 110 daAuts
